 Dungeon Crawl Stone Soup version 0.32-a0-711-g016ad743e0 (webtiles) character file.

Game seed: 16193978101292687830

8 Griffin23 the Covered (level 2, -3/27 HPs)
             Began as a Minotaur Fighter on Mar 15, 2024.
             Slain by a kobold
             ... wielding a +2 dagger of electrocution
              (9 damage)
             ... on level 1 of the Dungeon.
             The game lasted 00:00:10 (137 turns).

Griffin23 the Covered (Minotaur Fighter)             Turns: 137, Time: 00:00:10

Health: -3/27      AC:  7    Str: 20    XL:     2   Next: 0%
Magic:  1/1        EV:  8    Int:  5    God:
Gold:   18         SH:  4    Dex:  9    Spells: 1/1 levels left

rFire   . . .        a - +0 long sword
rCold   . . .        c - +0 buckler
rNeg    . . .        b - +0 scale mail
rPois   .            (helmet restricted)
rElec   .            (no cloak)
rCorr   .            (no gloves)
SInv    .            (no boots)
Will    .....        (no amulet) Stlth
                     (no ring)
HPRegen 0.24/turn    (no ring)
MPRegen 0.07/turn

%: no passive effects
@: no status effects
A: horns 2, retaliatory headbutt
a: no special abilities


You were on level 1 of the Dungeon.
You visited 1 branch of the dungeon, and saw 1 of its levels.

You collected 18 gold pieces.

Inventory:

Hand Weapons
 a - a +0 long sword (weapon)
Armour
 b - a +0 scale mail (worn)
 c - a +0 buckler (worn)
Jewellery
 f - an amulet of reflection
Scrolls
 h - a scroll of identify {unknown}
Potions
 d - a potion of might
 e - a potion of curing {unknown}
 g - a potion of mutation {unknown}


   Skills:
 + Level 3.8 Fighting
 + Level 2.6 Long Blades
 + Level 3.8 Armour
 + Level 3.8 Shields


You had one spell level left.
You didn't know any spells.
Your spell library was empty.

Dungeon Overview and Level Annotations

Branches:
Dungeon (1/15)

Altars:


Innate Abilities, Weirdness & Mutations

You have a pair of horns on your head.
You reflexively headbutt those who attack you in melee.


Message History

You closely miss the giant cockroach. You block the giant cockroach's attack.
The giant cockroach bites you but does no damage.
A giant cockroach is nearby!
You hit the giant cockroach.
You kill the giant cockroach!
A dart slug comes into view.
A dart slug is nearby!
A dart slug is nearby!
A dart slug is nearby!
You hit the dart slug.
The dart slug is moderately wounded.
The dart slug bites you.
A dart slug is nearby!
You slash the dart slug!
You kill the dart slug!
You have reached level 2!
You see here a dart slug corpse.
Found 9 stones.
No target in view!
A kobold comes into view.
It is wielding a +2 dagger of electrocution.
Found a yellow potion.
The kobold shouts!
A kobold is nearby!
A kobold is nearby!
The kobold hits you but does no damage.
You are electrocuted!!
Ouch! That really hurt!
* * * LOW HITPOINT WARNING * * *
You are too injured to fight recklessly!
A kobold is nearby!
You are too injured to fight recklessly!
A kobold is nearby!
You are too injured to fight recklessly!
A kobold is nearby!
You are too injured to fight recklessly!
A kobold is nearby!
You barely miss the kobold.
The kobold hits you with a +2 dagger of electrocution.
* * * LOW HITPOINT WARNING * * *
You are electrocuted!
You die...

##............#.#######
###...............#......
#...........)............
###.#.##............#......
....................#......
#..................†#####.#
...#.##.##...##...#..# #
......#.#######.####.#
........# #...K@....#
......### #..............#
......######.....$.........
..........................!
........####.####..........
...........#.# ##.....(...
.......###.... .....^....
#.####.......# ##........
#...........##


You could see a kobold.

Vanquished Creatures
  A dart slug (D:1)
  A ball python (D:1)
  A bat (D:1)
  A giant cockroach (D:1)
  A quokka (D:1)
5 creatures vanquished.

Notes
Turn   | Place    | Note
-------+----------+-------------------------------------------
     0 | D:1      | Griffin23 the Minotaur Fighter began the quest for the Orb.
     0 | D:1      | Reached XP level 1. HP: 19/19 MP: 0/0
   129 | D:1      | Reached XP level 2. HP: 27/27 MP: 1/1
   137 | D:1      | Slain by a kobold

Illustrated notes

Levels and vault maps discovered:
D:1:      dpeg_arrival_rooms_c, layout_rooms

Action                     || total
---------------------------++-------
  Melee: Long sword        ||     8
 Armour: Scale mail        ||     5
  Dodge: Dodged            ||     4
  Block: Buckler           ||     2

Table legend: (Time is in decaauts)
 A = Elapsed time spent in this place.
 B = Non-inter-level travel time spent in this place.
 C = Inter-level travel time spent in this place.
 D = Time resting spent in this place.
 E = Time spent auto-exploring this place.
 F = Levels seen in this place.
 G = Mean time per level.
                   A        B        C        D        E       F      G
               +--------+--------+--------+--------+--------+-----+--------+
         Total |    139 |    126 |     13 |      0 |     90 |   1 |  139.0 |
       Dungeon |    139 |    126 |     13 |      0 |     90 |   1 |  139.0 |
               +--------+--------+--------+--------+--------+-----+--------+

Top non-repeatable levels by time:
     D:1: 139 daAuts
